Map: Ulrena

Players

DRAGONPIOU - Winner!

  • Race: Zerg Zerg
  • League: Diamond

LÉopOLDineFr

  • Race: Terran Terran
  • League: Diamond

VOD

Have the link to the VOD?

Description

Time

  • Played on: Dec. 21, 2015, 9:31 a.m.
  • Length: 3:49
Show
View Real Time Build Order
Export as new Build Order

DRAGONPIOU Zerg - Winner!

Build Orders: Hatch First 

Get SALT Encoding   

  12  0:01  Drone  
  13  0:13  Drone  
  14  0:17  Overlord  
  14  0:43  Hatchery  
  14  0:45  Drone  
  14  0:48  Extractor  
  13  1:06  Spawning Pool  
  13  1:10  Drone  
  13  1:18  Drone  
  14  1:20  Drone  
  15  1:27  Drone  
  16  1:33  Drone  
  17  1:48  Drone  
  17  1:53  Metabolic Boost  
  18  1:54  Zergling x2  
  19  2:03  Overlord  
  19  2:04  Zergling x2  
  20  2:12  Zergling x2  
  20  2:19  Baneling Nest, Zergling x2  
  20  2:23  Zergling x2  
  20  2:29  Zergling x2  
  22  2:35  Zergling x2  
  23  2:41  Zergling x4  
  25  2:55  Zergling x4  
  27  3:04  Zergling x2  
  27  3:05  Zergling x2  
  29  3:07  Baneling x5  
  29  3:08  Baneling  
  29  3:13  Zergling x2  
  30  3:22  Zergling x4  
Show
View Real Time Build Order
Export as new Build Order

LÉopOLDineFr Terran 

Build Orders:  

Get SALT Encoding   

  12  0:01  SCV  
  13  0:13  SCV  
  14  0:18  Supply Depot  
  14  0:25  SCV  
  15  0:39  SCV  
  15  0:41  Barracks  
  16  0:51  SCV  
  17  1:03  SCV  
  18  1:16  SCV  
  19  1:26  Command Center  
  19  1:33  Orbital Command  
  19  1:35  Marine  
  20  1:42  Supply Depot  
  20  1:52  Marine  
  20  1:53  Refinery  
  21  1:56  Refinery  
  21  2:13  SCV  
  21  2:15  Marine  
  23  2:25  SCV  
  24  2:37  SCV  
  24  2:39  Factory  
  24  2:40  Orbital Command  
  25  2:45  Bunker  
  25  2:46  Barracks Reactor  
  25  2:49  SCV  
  26  3:01  SCV  
  27  3:08  SCV  
  28  3:13  SCV  
  29  3:26  Starport  
Tags
 
Add a new tag
Caveats
  • Supply blocks, unpowered buildings, or Contaminate may cause inaccurate times.
  • Supply counts are checked every 10 seconds.